Map: King's Cove LE

Players

Snute - Winner!

  • Race: Zerg Zerg
  • Spawn Location: 5:00

Harstem

  • Race: Protoss Protoss
  • Spawn Location: 11:00

Event: 2019 WCS Summer

VOD

Have the link to the VOD?

Description

Time

  • Played on: July 12, 2019, 7:20 a.m.
  • Length: 7:00

All games in this series

Show
View Real Time Build Order
Export as new Build Order

Snute Zerg - Winner!

Build Orders: Hatch First, Roach Nydus 

Get SALT Encoding   

  12  0:00  Drone  
  13  0:13  Overlord  
  13  0:18  Drone  
  14  0:31  Drone x2  
  16  0:50  Hatchery  
  16  0:52  Drone  
  16  0:56  Drone  
  17  1:00  Drone  
  18  1:08  Drone  
  18  1:10  Extractor  
  18  1:19  Spawning Pool  
  18  1:22  Drone  
  18  1:29  Drone  
  19  1:39  Overlord  
  19  1:51  Drone  
  20  2:01  Drone  
  21  2:03  Drone  
  21  2:05  Queen  
  24  2:10  Metabolic Boost  
  24  2:12  Queen  
  24  2:13  Zergling x2  
  27  2:17  Zergling x2  
  29  2:22  Drone  
  29  2:23  Drone  
  30  2:33  Drone  
  30  2:34  Drone  
  32  2:44  Drone  
  32  2:46  Drone  
  32  2:50  Hatchery  
  33  2:55  Overlord  
  33  2:58  Queen  
  35  3:00  Zergling x2  
  36  3:09  Overlord  
  36  3:13  Zergling x2  
  36  3:16  Drone x3  
  40  3:21  Drone x2  
  42  3:27  Queen, Overlord  
  42  3:31  Drone  
  45  3:38  Drone  
  46  3:42  Drone  
  46  3:43  Extractor  
  46  3:44  Roach Warren  
  45  3:49  Drone  
  45  3:50  Drone  
  45  3:51  Drone x2  
  45  3:53  Drone  
  45  3:55  Spore Crawler  
  49  3:56  Drone x2  
  49  4:02  Spore Crawler  
  49  4:04  Drone  
  49  4:05  Drone x2  
  49  4:08  Drone  
  53  4:16  Drone x3  
  56  4:18  Lair  
  56  4:22  Extractor, Spore Crawler  
  54  4:25  Drone  
  54  4:27  Overlord  
  55  4:31  Overlord  
  54  4:41  Queen x2  
  58  4:50  Drone x2  
  59  4:53  Roach x5  
  59  4:55  Zergling x2  
  59  4:57  Zergling x2  
  71  5:03  Overlord  
  71  5:05  Roach x2  
  75  5:14  Overlord  
  72  5:22  Roach x3  
  72  5:24  Nydus Network  
  72  5:27  Roach x2  
  81  5:29  Overlord  
  81  5:33  Roach  
  83  5:39  Roach x3  
  89  5:47  Overlord  
  89  5:49  Roach x2  
  93  5:59  Roach x3  
  93  6:02  Nydus Canal  
  99  6:05  Zergling x8  
  99  6:06  Zergling x4  
  99  6:10  Ravager  
  106  6:12  Zergling x6  
  109  6:20  Ravager  
  110  6:30  Nydus Canal  
  110  6:32  Zergling x8  
  110  6:43  Zergling x12  
  112  6:58  Nydus Canal  
Show
View Real Time Build Order
Export as new Build Order

Harstem Protoss 

Build Orders: 1 Gate Expand, Oracle Opening 

Get SALT Encoding   

  12  0:00  Probe  
  13  0:13  Probe  
  14  0:20  Pylon  
  14  0:25  Probe  
  15  0:34  Probe  
  15  0:39  Gateway  
  15  0:42  Probe  
  16  0:48  Assimilator  
  17  0:53  Probe  
  18  1:05  Probe  
  19  1:17  Probe  
  20  1:26  Nexus  
  20  1:36  Cybernetics Core  
  20  1:38  Probe  
  21  1:47  Assimilator  
  21  1:51  Probe  
  22  1:55  Pylon  
  22  2:03  Probe  
  22  2:04  Adept  
  23  2:15  Probe  
  26  2:23  Stargate  
  26  2:24  Stalker  
  26  2:27  Probe  
  27  2:35  Probe  
  29  2:39  Probe  
  29  2:43  Probe, Warp Gate  
  32  2:51  Probe  
  32  2:52  Probe  
  34  3:00  Oracle  
  34  3:03  Probe  
  34  3:05  Probe  
  39  3:15  Probe  
  39  3:16  Pylon  
  39  3:18  Probe  
  41  3:22  Gateway  
  41  3:27  Probe, Oracle  
  41  3:30  Probe  
  43  3:39  Probe  
  47  3:41  Assimilator  
  47  3:42  Probe  
  47  3:43  Assimilator  
  48  3:49  Pylon  
  48  3:52  Probe  
  48  3:54  Probe  
  50  3:57  Robotics Facility  
  50  4:02  Pylon  
  50  4:04  Probe  
  50  4:06  Probe  
  52  4:16  Probe  
  53  4:24  Probe  
  54  4:28  Probe  
  54  4:31  Adept  
  57  4:32  Adept  
  59  4:40  Immortal  
  59  4:50  Nexus  
  59  4:52  Probe  
  64  4:53  Forge, Pylon  
  64  4:57  Probe  
  65  5:00  Twilight Council  
  65  5:02  Sentry  
  65  5:03  Sentry  
  65  5:04  Probe  
  70  5:09  Pylon  
  70  5:11  Probe, Immortal  
  71  5:16  Probe  
  71  5:20  Gateway  
  72  5:26  Probe  
  77  5:28  Probe  
  77  5:34  Sentry x2  
  82  5:39  Pylon  
  82  5:42  Probe  
  83  5:44  Probe  
  84  5:54  Probe  
  84  5:55  Probe  
  86  5:58  Probe  
  86  6:00  Immortal  
  86  6:01  Pylon  
  87  6:06  Probe  
  87  6:09  Phoenix  
  94  6:11  Shield Battery  
  94  6:15  Sentry  
  94  6:16  Zealot  
  94  6:18  Zealot  
  101  6:21  Pylon  
  100  6:29  Probe  
  97  6:42  Zealot x3  
  91  6:48  Probe  
  91  6:53  Shield Battery  
Tags
 
Add a new tag
Caveats
  • Supply blocks, unpowered buildings, or Contaminate may cause inaccurate times.
  • Supply counts are checked every 10 seconds.